[Event "Polish University-ch Teams 2024"]
[Site "Lublin"]
[Date "2024.02.25"]
[Round "8.3"]
[White "Hasterok, Mateusz"]
[Black "Molenda, Marcin"]
[Result "0-1"]
[ECO "A45"]
[WhiteElo "2150"]
[BlackElo "2377"]
[Annotator "TA"]
[PlyCount "116"]
[EventDate "2024.02.22"]
[EventType "team-tourn"]
[EventCountry "POL"]
[SourceTitle "playchess.com"]
[Source "ChessBase"]
[SourceQuality "1"]
[TimeControl "900+5"]

1. d4 Nf6 2. Bg5 e6 3. Nd2 h6 4. Bh4 c5 5. e3 Nc6 6. c3 {[%emt 0:00:09] A45: Trompowsky Attack.} d5 7. f4 Be7 8. Bd3 b6 9. Ngf3 a5 10. Qe2 a4 $146 ({Predecessor:} 10... c4 11. Bc2 b5 12. O-O b4 13. Ne5 Nxe5 14. fxe5 Nd7 15. Bg3 Bg5 16. Nf3 Ba6 17. Nxg5 hxg5 {0-1 Krsnik Cohar,I (2313)-Svane,F (2421) Titled Tuesday intern op 01st Sept blitz 2020 (9)}) 11. a3 Qc7 12. Ne5 Bb7 13. O-O O-O 14. g4 Nxe5 (14... Ne4 $11 15. Nxc6 Bxc6 16. Bxe7 Qxe7) 15. fxe5 (15. dxe5 $5 Ne4 16. Bxe7 Qxe7 17. Nxe4 dxe4 18. Bb5 $15) 15... Ne4 $1 16. Bxe7 Qxe7 17. Bxe4 dxe4 18. Rf4 f6 19. exf6 Rxf6 20. Rxf6 Qxf6 21. Rf1 Qg6 22. Qg2 cxd4 23. cxd4 Rc8 24. Nb1 (24. h3 $15) 24... Ba6 $17 25. Re1 {[%emt 0:00:10] [#]} Rf8 $1 26. Nd2 Bd3 27. Rc1 (27. h4 $142) 27... Qg5 $19 28. Re1 Qd5 29. Rc1 e5 30. g5 hxg5 $2 (30... exd4 31. gxh6 g5 (31... dxe3 32. Qxg7#) 32. Qg3 $17) ({Black should try} 30... h5 $19 31. dxe5 Qxe5) 31. Qxg5 $11 Qf7 32. Qg3 (32. Qxe5 $11 Qf2+ 33. Kh1) 32... exd4 $17 33. exd4 Qf6 34. Qe3 Qh4 35. Re1 (35. h3 $17) 35... Qg4+ 36. Kh1 Rf6 37. Rg1 Qh4 38. Rg3 Rh6 (38... Rc6 $17 39. b3 axb3 40. Nxb3 Bc4) 39. Qg1 Qf6 40. Qe3 Rh4 41. d5 {[%emt 0:00:54] [#]} Qe5 (41... Qxb2 $2 42. Qg5 Rh7 43. d6 (43. Qd8+ Kf7 $18) 43... Qc1+ 44. Kg2 $18) (41... Rf4 $1 $17 42. Rg1 Qe5) 42. Kg2 $15 Qxd5 43. Rg5 $2 (43. Rxg7+ $1 $11 {and White has nothing to worry.} Kxg7 44. Qg3+ Kf7 45. Qxh4) 43... Qd6 44. Rg3 (44. Qg3 $17 {was worth a try.} Qh6 45. Kg1) 44... Rf4 $19 45. b3 axb3 46. Nxb3 Rf7 47. Nd4 $2 (47. Nd2) 47... Qf6 48. Qg1 $2 (48. Kh1) 48... Rd7 49. Nb3 Qb2+ (49... e3 $142 50. Rxe3 Be4+ (50... Qb2+ 51. Qf2 $11) 51. Rxe4 Qg6+ 52. Kf2 Rf7+ (52... Qxe4 {is a self mate.} 53. Qg2 Qc2+ 54. Kg3 Rd3+ 55. Qf3 Qxb3 56. Qxd3 Qxd3+ 57. Kg4 Qxa3 58. Kf4 Qd3 59. h4 b5 60. Kg4 b4 61. Kf4 b3 62. Kg4 b2 63. h5 b1=Q 64. h6 Qg6+ 65. Kf3 Qbe4+ 66. Kf2 Qgg2#) 53. Ke2 Qxg1 54. Re8+ Kh7 55. Rf8 Rxf8 56. Kd3 Qd1+ (56... Qxh2 57. Kc4 Qc2+ 58. Kd4 Rd8+ 59. Ke5 Qxb3 60. Ke4 Rd5 61. a4 g5 62. a5 Qd3#) 57. Nd2 Rd8+ 58. Kc4 Qe2+ (58... Rxd2 59. Kb5 Qg1 60. h4 Qc5+ 61. Ka6 Rd7 62. a4 Qa5#) 59. Kb3 Qd3+ (59... Qxd2 60. a4 Rd4 61. a5 Rb4+ 62. Ka3 Qb2#) 60. Kb2 Qxd2+ 61. Kb1 Qe2 62. h4 Rd1#) 50. Kh3 Qxb3 51. Rg6 e3 52. Rg3 Bf5+ 53. Kg2 Rd2+ 54. Kf3 e2+ ({Not} 54... Qxa3 55. Rxg7+ Kf8 56. Rg8+ Kf7 57. Qg7+ Ke6 58. Qh6+ Kd5 59. Rd8+ Kc4 60. Qf4+ Kc3 61. Qe5+ Kc4 62. Qf4+ Kc3 63. Qe5+ Kc4 64. Qf4+ $11) 55. Kf4 Qc4+ 56. Kg5 Qe6 57. Re3 Qg6+ 58. Kf4 Qxg1 0-1

[Event "Polish University-ch Teams 2024"]
[Site "Lublin"]
[Date "2024.02.25"]
[Round "8.4"]
[White "Jarzebowski, Kacper"]
[Black "Brozyna, Mateusz"]
[Result "0-1"]
[ECO "C77"]
[WhiteElo "2135"]
[BlackElo "2259"]
[Annotator "TA"]
[PlyCount "154"]
[EventDate "2024.02.22"]
[EventType "team-tourn"]
[EventCountry "POL"]
[SourceTitle "playchess.com"]
[Source "ChessBase"]
[SourceQuality "1"]
[TimeControl "900+5"]

1. e4 e5 2. Nf3 Nc6 3. Bb5 a6 4. Ba4 Nf6 5. Bxc6 dxc6 6. d3 Bd6 7. O-O O-O 8. b3 Re8 9. Bb2 {[%emt 0:00:02] The position is equal.} Bg4 10. Nbd2 Nd7 11. h3 Bh5 12. Qe2 Qe7 13. Nc4 f6 14. Ne3 Nc5 15. Nf5 Qd7 16. g4 Bg6 17. N3h4 Ne6 18. Qf3 Bc5 19. Rad1 a5 20. c3 a4 21. b4 a3 22. Bc1 Bf8 23. Rfe1 (23. Nxg6 $15 hxg6 24. Ng3) 23... Bf7 $17 24. Ng2 b6 25. h4 Kh8 26. Nge3 Nf4 27. Nc4 b5 28. Nxa3 Bxa2 {[%emt 0:00:02] Black is more active.} (28... h5 $5 29. g5 fxg5 (29... Bxa2 30. Bxf4 g6 31. Bc1 $11) 30. hxg5 g6 $17 (30... Bxa2 $2 31. Bxf4 g6 32. Bc1 $18)) 29. Bxf4 Rxa3 30. Bd2 Bb3 31. Ra1 Rxa1 32. Rxa1 Bc2 33. h5 Bxd3 34. h6 (34. Be3 $15) 34... g6 35. Ng3 Be7 (35... Qd8 $17) 36. Be3 {[%emt 0:00:07] [#] Threatens to win with Rd1.} Bc4 37. Bc5 $1 Kg8 38. Bxe7 Qxe7 39. Qe3 (39. Ra6 $11) 39... Be6 40. f3 Rd8 41. Ne2 ({Better is} 41. Nf1 $15) 41... Qd6 (41... Bc4 $142 {...Kf7 would now be deadly.} 42. Ng3 Kf7) 42. g5 f5 (42... Rf8 $17 {...fxg5 is the strong threat.} 43. Kg2 Rd8) 43. exf5 $11 Bxf5 (43... gxf5 $5 44. f4 $8 exf4 45. Qxf4 Qe7 $14) 44. Ng3 Qe6 45. Ne4 (45. Kf2 $11 {keeps the balance.}) 45... Bxe4 $17 46. Qxe4 {[%emt 0:00:01][%mdl 4096] Endgame. [#] KQR-KQR} Qd5 ({Black should try} 46... Rd2 $1 $17 {( -> ...Qh3)} 47. Qe3 Qd6) 47. Re1 Qxe4 48. Rxe4 $11 {[%emt 0:00:00] KR-KR} Rd5 49. Kf2 $2 {[%emt 0:00:05] This costs White the game.} (49. c4 $11 {and White has nothing to worry.} bxc4 50. Rxc4) 49... Kf7 $19 50. Ke2 $2 (50. Re2) 50... Ke6 51. Rg4 Kf5 52. Rg1 c5 53. bxc5 Rxc5 54. Rd1 (54. Kd2 $142) 54... Kxg5 55. Rd7 Kxh6 56. Kd3 c6 57. Rf7 g5 58. Ke4 Kg6 59. Rf8 Rxc3 60. Kxe5 Rc5+ 61. Ke6 Rc4 {[%emt 0:00:06] Hoping for ...Rf4.} 62. Rg8+ Kh6 {[%emt 0:00:02] aiming for ...Rf4.} 63. Ke5 Rf4 64. Rc8 Rxf3 65. Rxc6+ Kh5 66. Rc7 h6 {[%emt 0:00:02] Strongly threatening ...g4.} 67. Rc6 b4 68. Ke4 Rf4+ 69. Ke3 b3 70. Rb6 Rh4 71. Kf2 Rh3 72. Kg2 Rc3 (72... g4 $142 73. Rc6 Kg5 74. Kg1 h5 75. Rc8 Kh4 76. Kg2 Rd3 77. Kf2 b2 78. Rb8 Rd2+ 79. Ke3 Rc2 80. Rb4 Kh3 81. Kd3 Rf2 82. Rb5 h4 83. Kc4 g3 84. Rb3 Kg2 85. Kd4 h3 86. Ke4 h2 87. Ke5 h1=Q (87... h1=B {leads to mate.} 88. Ke4 Kf1+ 89. Kd4 g2 90. Rg3 b1=Q 91. Rg5 g1=Q 92. Rxg1+ Kxg1 93. Kc5 Rc2+ 94. Kd6 Rc6+ 95. Kd7 Qb7+ 96. Ke8 Rc8#) 88. Ke4 Qh5 (88... b1=B+ {is a self mate.} 89. Kd5 Qd1+ 90. Kc6 Rf6+ 91. Kc5 Qxb3 92. Kd4 Qb4+ 93. Kd5 Rd6+ 94. Ke5 Qd4#) 89. Kd3 Rf3+ 90. Kc4 Rxb3 91. Kxb3 b1=Q+ (91... b1=B 92. Kc4 Kf1 93. Kb4 g2 94. Kc4 g1=Q 95. Kc3 Qe5+ 96. Kb4 Qgd4+ 97. Kb3 Qg3#) 92. Kc4 Qc2+ 93. Kd4 Qhc5#) 73. Kg1 g4 {[%emt 0:00:01] Black mates.} 74. Kg2 Kg5 75. Rb4 Kh4 76. Rb5 Rc2+ 77. Kg1 b2 {[%emt 0:00:02] Weighted Error Value: White=0.42/Black=0.22 (precise) .  Loses game:     	White=1     	---        Mistake:       	White=7     	Black=4      Inaccurate:     	White=8     	Black=3      OK:         	White=12    	Black=12     Best:        	White=1     	Black=5      Strong:       	White=1     	---} 0-1

[Event "Polish University-ch Teams 2024"]
[Site "Lublin"]
[Date "2024.02.25"]
[Round "8.5"]
[White "Adamczyk, Zuzanna"]
[Black "Antolak, Julia"]
[Result "0-1"]
[ECO "A57"]
[WhiteElo "1970"]
[BlackElo "2309"]
[Annotator "ChessBase"]
[PlyCount "74"]
[EventDate "2024.02.22"]
[EventType "team-tourn"]
[EventCountry "POL"]
[SourceTitle "playchess.com"]
[Source "ChessBase"]
[SourceQuality "1"]
[TimeControl "900+5"]

1. d4 Nf6 2. c4 c5 3. d5 b5 4. cxb5 a6 5. e3 axb5 6. Bxb5 Qa5+ 7. Nc3 Bb7 8. Bc4 e6 9. Bd2 Qb6 10. e4 Nxe4 11. Nxe4 exd5 12. Bc3 dxe4 13. Qh5 Qg6 14. Qe5+ Be7 15. Ne2 d6 16. Bb5+ Nd7 17. Qg3 Qxg3 18. Nxg3 O-O-O 19. Nf5 Bf8 20. Bxg7 Bxg7 21. Nxg7 Ne5 22. Nf5 Kc7 23. O-O-O d5 24. a4 Kb6 25. h3 Bc8 26. Ne7 Be6 27. Rhe1 c4 28. Kb1 Kc5 29. Re2 f5 30. f4 Nd3 31. g3 Rb8 32. Nc6 Rb6 33. Ne5 Nxe5 34. fxe5 d4 35. Rc1 d3 36. Re3 Kd4 37. Rce1 d2 0-1

[Event "Polish University-ch Teams 2024"]
[Site "Lublin"]
[Date "2024.02.25"]
[Round "8.6"]
[White "Kubicka, Anna"]
[Black "Orlik, Sandra"]
[Result "1/2-1/2"]
[ECO "B30"]
[WhiteElo "2278"]
[BlackElo "1836"]
[Annotator "TA"]
[PlyCount "134"]
[EventDate "2024.02.22"]
[EventType "team-tourn"]
[EventCountry "POL"]
[SourceTitle "playchess.com"]
[Source "ChessBase"]
[SourceQuality "1"]
[TimeControl "900+5"]

1. e4 c5 2. Nf3 Nc6 3. Bb5 Qc7 4. Nc3 e6 5. O-O d6 6. d4 {[%emt 0:00:04] B30: Sizilianisch (Rossolimo-Variante).} cxd4 7. Nxd4 Bd7 8. Re1 Be7 9. Bf1 Nf6 $146 ({Predecessor:} 9... a6 10. Nxc6 Bxc6 11. Qg4 g6 12. Qg3 h5 13. Bg5 O-O-O 14. Bxe7 Nxe7 15. Rad1 d5 16. exd5 Qxg3 17. hxg3 Nxd5 {½-½ Zeitlein,M (2440)-Papp Zoltan,C (2320) Budapest FS11 IM-B 1994 (2)}) 10. Ndb5 Qb8 11. Bf4 e5 (11... Ne5 $11) 12. Bg5 $16 a6 13. Bxf6 gxf6 14. Na3 b5 15. Nd5 h5 16. c4 b4 17. Nc2 a5 18. h3 h4 (18... Bd8 $16 19. Qf3 Kf8) 19. Qf3 Rh6 20. b3 Be6 21. Red1 Qb7 22. Kh1 Nb8 (22... Kf8 $142 23. Nce3 Nd4 24. Rxd4 exd4) 23. a3 bxa3 24. Rxa3 Nc6 {[%emt 0:00:03] [#]} (24... Bd8 $142 25. Nc3 Nc6) 25. Rda1 (25. b4 $1 $18 {ist viel giftiger.}) 25... Rb8 $16 26. Nce3 Qd7 ({Besser ist} 26... Nd4 27. Qd1 Bd8) 27. Qd1 Kf8 28. Nc2 Kg7 29. Qd2 ({Günstiger ist} 29. f4 $16) 29... f5 30. Rd1 Rd8 (30... fxe4 $11 {bleibt in der Remisbreite.} 31. Nxe7 Qxe7) 31. exf5 $16 Bxf5 32. Nce3 Be6 33. Nxe7 Qxe7 34. Nd5 Bxd5 35. cxd5 Nd4 36. Qxa5 (36. Rxa5 $2 Nxb3 37. Qe1 Nxa5 38. Qxa5 Rf6 $19) (36. Bc4 $14) 36... Rb8 37. Qc3 Qf6 38. Rd2 Rg6 (38... Rhh8 $11) 39. b4 Nb5 40. Qb3 $2 (40. Bxb5 $16 {ist nötig, um Vorteil zu sichern.} Rxb5 41. Ra5) 40... Nxa3 $19 41. Qxa3 Qf4 42. Rb2 Qd4 43. Qb3 e4 (43... Rc8 $142 {Zielt auf ...Rc3 ab.} 44. b5 Rc3 (44... Rc1 45. Rb1 $17)) 44. b5 $19 Rb6 (44... Rg5 $19 45. b6 Rxd5 (45... Qxd5 46. Qe3 $17)) 45. Kg1 Rg5 46. Bc4 (46. Ra2 $17) 46... Re5 $19 47. Re2 (47. Qc2 {war nötig.}) 47... Qa1+ $2 (47... Rb8 $19 {Droht ...Rc8 und aus.} 48. Re1 Rc8) 48. Kh2 $17 Qd4 $2 (48... Qc1 $17) 49. Kg1 $1 $19 Re8 (49... Rb8 $19 {bietet bessere Gewinnchancen. Droht stark ...Rc8.} 50. Re1 Rc8) 50. Rc2 (50. Re1 $17) 50... e3 51. Qb1 (51. Bf1 $17 {ist wohl besser.}) 51... exf2+ 52. Rxf2 Qxc4 $2 (52... Re5 $19 53. Qc1 Rf5) 53. Qf5 $11 Re1+ (53... Rxb5 54. Qxf7+ Kh8 55. Qxe8+ Kh7 56. Qh5+ Kg8 57. Qg6+ Kh8 58. Rf8#) 54. Kh2 Rb7 (54... Qxb5 55. Qxf7+ Kh8 56. Qh5+ (56. Rf6 Rh1+ 57. Kxh1 Qb1+ 58. Kh2 Qg1+ 59. Kxg1 Rb1+ 60. Rf1 Rxf1+ 61. Qxf1 Kg7) 56... Kg8 57. Qg6+ Kh8 58. Rf8#) 55. Qg5+ Kf8 $1 56. Qd8+ $2 (56. Qh6+ $1 $11 {und Weiss muss sich keine Sorgen machen.} Ke8 (56... Kg8 57. Rf4 $11) 57. Qh8+ Ke7 58. Qf6+ Ke8 59. Qh8+ Ke7 60. Qf6+ Ke8 61. Qh8+) 56... Re8 $19 57. Qxd6+ Kg8 58. Rf4 Qc3 $2 ({Minderwertig wäre} 58... Qxb5 59. Rg4+ (59. Qh6 $2 f5 $19) 59... Kh7 60. Qf6 Qxd5 61. Qg7#) (58... Rb6 $1 $19 59. Rxc4 Rxd6) 59. Rg4+ $11 Kh7 60. Rxh4+ Kg8 61. Rg4+ Kh7 62. Rh4+ Kg8 63. Rg4+ Kh7 64. Rh4+ Kg8 65. Rg4+ Kh7 66. Rh4+ Kg8 67. Rg4+ Kh7 1/2-1/2

[Event "Polish University-ch Teams 2024"]
[Site "Lublin"]
[Date "2024.02.25"]
[Round "8.7"]
[White "Baum, Jonasz"]
[Black "Grochol, Kamil"]
[Result "1-0"]
[ECO "D41"]
[WhiteElo "2400"]
[BlackElo "2117"]
[Annotator "ChessBase"]
[PlyCount "63"]
[EventDate "2024.02.22"]
[EventType "team-tourn"]
[EventCountry "POL"]
[SourceTitle "playchess.com"]
[Source "ChessBase"]
[SourceQuality "1"]
[TimeControl "900+5"]

1. d4 Nf6 2. c4 e6 3. Nf3 d5 4. Nc3 c5 5. cxd5 Nxd5 6. e3 cxd4 7. exd4 Nxc3 8. bxc3 Qc7 9. Bd2 Bd6 10. Bd3 Nd7 11. O-O O-O 12. Re1 b6 13. Re4 Bb7 14. Rh4 g6 15. Qe2 Rac8 16. Qe3 Rfe8 17. Re1 Bd5 18. Qh6 Nf6 19. Ne5 Bf8 20. Qf4 Bg7 21. Re3 Qe7 22. Reh3 h5 23. Rg3 Nd7 24. Nxd7 Qxd7 25. Rxh5 e5 26. dxe5 Qe7 27. Rhh3 Bxe5 28. Qh6 Bg7 29. Qh7+ Kf8 30. Bh6 f5 31. Qxg6 Qe1+ 32. Bf1 1-0

[Event "Polish University-ch Teams 2024"]
[Site "Lublin"]
[Date "2024.02.25"]
[Round "8.8"]
[White "Kukula, Karol"]
[Black "Szustakowski, Antoni"]
[Result "1/2-1/2"]
[ECO "C01"]
[WhiteElo "2011"]
[BlackElo "2354"]
[Annotator "ChessBase"]
[PlyCount "103"]
[EventDate "2024.02.22"]
[EventType "team-tourn"]
[EventCountry "POL"]
[SourceTitle "playchess.com"]
[Source "ChessBase"]
[SourceQuality "1"]
[TimeControl "900+5"]

1. e4 e6 2. d4 d5 3. Bd3 dxe4 4. Bxe4 Nf6 5. Bf3 c5 6. Ne2 Nc6 7. Be3 e5 8. Bxc6+ bxc6 9. dxe5 Qxd1+ 10. Kxd1 Ng4 11. Nd2 Nxe5 12. Ne4 Bf5 13. N2g3 Bxe4 14. Nxe4 Nc4 15. Bxc5 O-O-O+ 16. Kc1 Bxc5 17. Nxc5 Rhe8 18. Nd3 Re2 19. Re1 Rxe1+ 20. Nxe1 Ne5 21. Nd3 Nxd3+ 22. cxd3 Rxd3 23. Kc2 Rd5 24. Re1 Rc5+ 25. Kd2 Kd7 26. Re3 Ra5 27. a3 Rb5 28. Kc3 Rc5+ 29. Kd2 Rh5 30. h3 Rf5 31. f3 Rb5 32. Kc3 Rc5+ 33. Kd3 Rc1 34. Re2 Kd6 35. Kd2 Rg1 36. Kc3 f5 37. Kd4 g5 38. Kc4 h5 39. Kd4 h4 40. Kc4 Rd1 41. Kc3 Kd5 42. Kc2 Rg1 43. Kc3 a5 44. a4 Ra1 45. b3 Rc1+ 46. Kd2 Rg1 47. Kc3 Rd1 48. Kc2 Ra1 49. Kc3 Rd1 50. Kc2 Rg1 51. Kc3 Rb1 52. Kc2 1/2-1/2

[Event "Polish University-ch Teams 2024"]
[Site "Lublin"]
[Date "2024.02.25"]
[Round "8.9"]
[White "Koziorowicz, Michal"]
[Black "Lis, Mateusz"]
[Result "1/2-1/2"]
[ECO "B43"]
[WhiteElo "2324"]
[BlackElo "2019"]
[Annotator "TA"]
[PlyCount "77"]
[EventDate "2024.02.22"]
[EventType "team-tourn"]
[EventCountry "POL"]
[SourceTitle "playchess.com"]
[Source "ChessBase"]
[SourceQuality "1"]
[TimeControl "900+5"]

1. e4 c5 2. Nf3 e6 3. d4 cxd4 4. Nxd4 a6 5. Nc3 b5 6. Bd3 Qb6 7. Nb3 Qc7 8. O-O Bb7 9. Re1 d6 (9... Bd6 $11) 10. Bg5 {[%emt 0:01:06] White is more active.} Be7 11. Bxe7 {[%emt 0:00:36] White is slightly better.} Nxe7 {[%emt 0:00:02] [#]} 12. Qg4 (12. Bxb5+ $1 $16 Nbc6 (12... axb5 $2 13. Nxb5 Qb6 14. Nxd6+ Kf8 15. Nxb7 $18) 13. Bf1) 12... b4 13. Ne2 (13. Qxg7 $2 Rg8 14. Nb5 axb5 15. Qxh7 Nd7 16. Bxb5 Qb6 $19 (16... Qxc2 17. Rad1 $17)) 13... Ng6 14. f4 (14. e5 $14) 14... h5 (14... O-O $11) 15. Qg5 $36 {[%emt 0:00:15][%mdl 2048] White fights for an advantage.} Qd8 (15... Nd7 $14) 16. Qxd8+ $16 Kxd8 17. Na5 Kc7 18. Nxb7 Kxb7 {[%emt 0:00:05] [#]} 19. e5 $1 dxe5 20. Bxg6 fxg6 21. fxe5 Nc6 22. Nf4 Rad8 23. Nd3 ({Better is} 23. Nxe6 $16 Rd2 24. Rad1 (24. Nxg7 Rxc2 25. e6 Rd8 $11) 24... Rxc2 25. Rd7+ (25. Nxg7 Rf8 $11) 25... Kc8 26. Rxg7) 23... Nd4 24. Rac1 Rc8 25. Nxb4 a5 26. Nd3 Rxc2 (26... Nxc2 $11 27. Rf1 Nb4 28. Rxc8 Rxc8) 27. Rxc2 Nxc2 $11 {[%emt 0:00:02][%mdl 4096] Endgame. KRN-KRN} 28. Rc1 (28. Re4 $16) 28... Nd4 $1 {[%emt 0:00:03] And now ...Ne2+ would win.} ({Don't go for} 28... Rc8 $2 29. Nf4 $16) 29. Rc4 Rd8 30. Kf2 Kb6 31. Ke3 Nf5+ 32. Ke4 Rd5 (32... g5 $11) 33. a4 $1 $14 g5 34. g3 {[%emt 0:00:11] Inhibits Nh4.} ({White should try} 34. b4 $14) 34... g6 $11 {[%emt 0:00:09] The position is equal.} 35. b4 axb4 36. Rxb4+ (36. Nxb4 Rd2 37. Rc6+ Ka5 $15 (37... Kb7 38. Rc4 $15)) 36... Ka5 {[%emt 0:00:06][%cal Od5d3] Strongly threatening ...Rxd3!} 37. Rc4 Kb6 {[%emt 0:00:09] Wards off Rc5} 38. Rb4+ Ka5 {[%emt 0:00:01][%cal Od5d3] ...Rxd3! is the strong threat.} 39. Rc4 {[%emt 0:00:01] Weighted Error Value: White=0.22 (precise) /Black=0.25 (precise) .  Mistake:       	White=5     	Black=5      Inaccurate:     	White=2     	Black=5      OK:         	White=11    	Black=10     Best:        	White=1     	Black=1      Strong:       	White=1     	Black=1} 1/2-1/2

[Event "Polish University-ch Teams 2024"]
[Site "Lublin"]
[Date "2024.02.25"]
[Round "8.10"]
[White "Sulkowski, Andrzej"]
[Black "Karpus, Michal"]
[Result "0-1"]
[ECO "D96"]
[WhiteElo "1797"]
[BlackElo "2243"]
[Annotator "ChessBase"]
[PlyCount "80"]
[EventDate "2024.02.22"]
[EventType "team-tourn"]
[EventCountry "POL"]
[SourceTitle "playchess.com"]
[Source "ChessBase"]
[SourceQuality "1"]
[TimeControl "900+5"]

1. d4 Nf6 2. c4 g6 3. Nc3 d5 4. Nf3 Bg7 5. Qb3 dxc4 6. Qxc4 O-O 7. Bf4 Be6 8. Qxc7 Nc6 9. e3 Nb4 10. Qxd8 Rfxd8 11. Rc1 Nxa2 12. Nxa2 Bxa2 13. Bd3 Bd5 14. O-O Rac8 15. Nd2 Bc6 16. Be5 Nd5 17. Bxg7 Kxg7 18. Nf3 Nb4 19. Be2 Bd5 20. h3 Na2 21. Rxc8 Rxc8 22. Bd3 Nc1 23. Bb1 Nb3 24. Rd1 a5 25. e4 Bc4 26. Ne5 Be2 27. Re1 Nxd4 28. Nd3 Rc6 29. f3 Rb6 30. Nf4 Bc4 31. Rd1 e5 32. Nd3 Bxd3 33. Bxd3 Rxb2 34. Ra1 b6 35. Rc1 b5 36. Rc5 a4 37. Rxe5 a3 38. Re8 a2 39. Ra8 b4 40. Kh2 Nb3 0-1

[Event "Polish University-ch Teams 2024"]
[Site "Lublin"]
[Date "2024.02.25"]
[Round "8.12"]
[White "Michalak, Wiktoria"]
[Black "Harazinska, Magdalena"]
[Result "0-1"]
[ECO "D05"]
[WhiteElo "1522"]
[BlackElo "1950"]
[Annotator "NA"]
[PlyCount "94"]
[EventDate "2024.02.22"]
[EventType "team-tourn"]
[EventCountry "POL"]
[SourceTitle "playchess.com"]
[Source "ChessBase"]
[SourceQuality "1"]
[TimeControl "900+5"]

1. Nf3 c5 2. b3 Nf6 3. Bb2 e6 4. e3 d5 5. d4 Nc6 6. Be2 Be7 7. dxc5 Bxc5 8. c4 O-O 9. O-O dxc4 10. Bxc4 Qe7 11. Qe2 a6 12. a4 b6 13. Rd1 Bb7 14. Na3 Nb4 15. Nc2 Nbd5 16. Be5 Nd7 17. Bb2 Rfd8 18. h4 h6 19. Rd2 N7f6 20. Rad1 Ne4 21. Rd3 Nc7 22. b4 Rxd3 23. Qxd3 Bxb4 24. Qd7 Nd5 25. Qxe7 Bxe7 26. Bd4 Rc8 27. Bd3 Nec3 28. Re1 Nxa4 29. h5 b5 30. Nd2 Nb4 31. Nxb4 Bxb4 32. Rd1 Nc3 33. Ra1 a5 34. g4 a4 35. Nb1 Ba6 36. f4 Nd5 37. g5 Rc1+ 38. Kf2 Rh1 39. Be2 Kf8 40. Bf3 Rc1 41. gxh6 gxh6 42. f5 Nc3 43. Nxc3 Rxa1 44. Ne4 Ra2+ 45. Kg3 exf5 46. Nf6 Bd6+ 47. Kh3 Rh2# 0-1

[Event "Polish University-ch Teams 2024"]
[Site "Lublin"]
[Date "2024.02.25"]
[Round "8.13"]
[White "Dzida, Kamil"]
[Black "Snihur, Piotr"]
[Result "1-0"]
[ECO "C45"]
[WhiteElo "2403"]
[BlackElo "2278"]
[Annotator "ChessBase"]
[PlyCount "47"]
[EventDate "2024.02.22"]
[EventType "team-tourn"]
[EventCountry "POL"]
[SourceTitle "playchess.com"]
[Source "ChessBase"]
[SourceQuality "1"]
[TimeControl "900+5"]

1. e4 e5 2. Nf3 Nc6 3. d4 exd4 4. Nxd4 Nf6 5. Nxc6 bxc6 6. e5 Qe7 7. Qe2 Nd5 8. h4 g6 9. c4 Nb6 10. Bg5 Qb4+ 11. Qd2 Nxc4 12. Bxc4 Qxc4 13. Nc3 Be7 14. Bxe7 Kxe7 15. O-O-O Rb8 16. h5 Rg8 17. hxg6 Rxg6 18. Rxh7 Rxg2 19. e6 Kxe6 20. Qe3+ Kf5 21. Rh5+ Kg4 22. Qg5+ Kf3 23. Rh3+ Kxf2 24. Rd2+ 1-0

[Event "Polish University-ch Teams 2024"]
[Site "Lublin"]
[Date "2024.02.25"]
[Round "8.14"]
[White "Sliwicka, Alicja"]
[Black "Klepek, Witold"]
[Result "0-1"]
[ECO "C02"]
[WhiteElo "2309"]
[BlackElo "2262"]
[Annotator "ChessBase"]
[PlyCount "105"]
[EventDate "2024.02.22"]
[EventType "team-tourn"]
[EventCountry "POL"]
[SourceTitle "playchess.com"]
[Source "ChessBase"]
[SourceQuality "1"]
[TimeControl "900+5"]

1. e4 e6 2. d4 d5 3. e5 c5 4. c3 Nc6 5. Nf3 Bd7 6. Bd3 cxd4 7. O-O Qb6 8. Re1 Nge7 9. h4 Rc8 10. h5 h6 11. Nbd2 g5 12. hxg6 Nxg6 13. Nb3 dxc3 14. bxc3 Bg7 15. Bxg6 fxg6 16. Qd3 Ne7 17. Nbd4 Qa6 18. Qc2 O-O 19. a4 Rf7 20. Be3 Qc4 21. Reb1 b6 22. Ra3 Nf5 23. Nxf5 gxf5 24. Bd4 Bf8 25. Raa1 Rg7 26. Qd2 Kh7 27. g3 Bc5 28. Kg2 Bxd4 29. cxd4 Qc2 30. a5 Qxd2 31. Nxd2 Rc2 32. Nf1 b5 33. Rc1 Rc4 34. Rd1 f4 35. Kf3 fxg3 36. fxg3 Be8 37. g4 Bg6 38. Ne3 Be4+ 39. Ke2 Rc3 40. a6 Rf7 41. Rdc1 Rb3 42. Rc6 Rb2+ 43. Ke1 Bd3 44. Ra3 Re2+ 45. Kd1 Rxe3 46. Kd2 Rff3 47. Rc7+ Kg6 48. Rxa7 Re2+ 49. Kc3 Bc4+ 50. Kb4 Rb2+ 51. Kc5 Rxa3 52. Kb6 b4 53. Kc5 0-1

[Event "Polish University-ch Teams 2024"]
[Site "Lublin"]
[Date "2024.02.25"]
[Round "8.15"]
[White "Golenia, Jan"]
[Black "Brzezinski, Mateusz"]
[Result "1-0"]
[ECO "E05"]
[WhiteElo "2221"]
[BlackElo "2176"]
[Annotator "RC"]
[PlyCount "73"]
[EventDate "2024.02.22"]
[EventType "team-tourn"]
[EventCountry "POL"]
[SourceTitle "playchess.com"]
[Source "ChessBase"]
[SourceQuality "1"]
[TimeControl "900+5"]

1. d4 Nf6 2. c4 e6 3. Nf3 d5 4. g3 Be7 5. Bg2 O-O 6. O-O dxc4 7. Qc2 a6 8. a4 b6 9. Qxc4 Bb7 10. Bf4 Nd5 11. Bd2 Nc6 12. e4 Ndb4 13. Na3 Na5 14. Qe2 Nb3 15. Rad1 a5 16. Qe3 Nxd2 17. Rxd2 Qe8 18. Nb5 Rc8 19. Rc1 c6 20. Nc3 Rd8 21. Ne5 c5 22. d5 exd5 23. exd5 Bf6 24. f4 Qe7 25. d6 Rxd6 26. Rxd6 Bxg2 27. Rd7 Qe6 28. Kxg2 Bxe5 29. Rcd1 Qc6+ 30. Qf3 Bd4 31. Qxc6 Nxc6 32. Nd5 Re8 33. Rd6 Nb4 34. Nxb6 Re2+ 35. Kh3 h5 36. Nc4 Nc2 37. Rd2 1-0

[Event "Polish University-ch Teams 2024"]
[Site "Lublin"]
[Date "2024.02.25"]
[Round "8.16"]
[White "Drozdowski, Konrad"]
[Black "Golenia, Wojciech"]
[Result "0-1"]
[ECO "E17"]
[WhiteElo "2117"]
[BlackElo "2212"]
[Annotator "RC"]
[PlyCount "86"]
[EventDate "2024.02.22"]
[EventType "team-tourn"]
[EventCountry "POL"]
[SourceTitle "playchess.com"]
[Source "ChessBase"]
[SourceQuality "1"]
[TimeControl "900+5"]

1. Nf3 Nf6 2. g3 b6 3. Bg2 Bb7 4. b3 e6 5. Bb2 Be7 6. c4 O-O 7. O-O d5 8. cxd5 exd5 9. d4 c5 10. dxc5 bxc5 11. e3 Nbd7 12. Nc3 Qb6 13. Na4 Qe6 14. Rc1 h6 15. Re1 Rfd8 16. Qc2 Rac8 17. Nh4 Ne4 18. Nf3 Ndf6 19. Nc3 d4 20. Nxe4 Bxe4 21. Qd2 d3 22. Bxf6 Bxf6 23. Red1 c4 24. bxc4 Rxc4 25. Ne1 Bg6 26. Bf1 Rxc1 27. Rxc1 Qd5 28. Rd1 Bh5 29. Rb1 Bg6 30. Rb3 a5 31. Rb1 Be7 32. Bg2 Qc4 33. Rc1 Qb4 34. Nf3 Qxd2 35. Nxd2 Bb4 36. Rd1 Bh5 37. Bf3 Bg6 38. e4 f6 39. Nc4 Bf7 40. Nb2 d2 41. Be2 Bxa2 42. Bc4+ Bxc4 43. Nxc4 Rd4 0-1